 Dungeon Crawl Stone Soup version 0.31-a0-1547-g618ab1f346 (webtiles) character file.

Game seed: 16218226104318301865

91260 Jannitor the Unseen (level 15, -7/86 HPs)
             Began as a Spriggan Delver on Dec 30, 2023.
             Was the Champion of Dithmenos.
             Killed from afar by a bog body (21 damage)
             ... with a bolt of cold
             ... on level 1 of the Swamp on Jan 2, 2024.
             The game lasted 01:31:27 (33918 turns).

Jannitor the Unseen (Spriggan Delver)              Turns: 33918, Time: 01:31:28

Health: -7/86      AC:  5    Str:  8    XL:     15   Next: 54%
Magic:  29/31      EV: 25    Int: 18    God:    Dithmenos [******]
Gold:   631        SH: 13    Dex: 18    Spells: 17/36 levels left

rFire   . . .        T - +6 rapier (speed)
rCold   + . .        y - +2 buckler
rNeg    + . .        G - +1 robe {rC+}
rPois   .            (helmet restricted)
rElec   .            V - +1 cloak of Resilience {rN+ Will+}
rCorr   .            (gloves unavailable)
SInv    +            (boots unavailable)
Will    +++..        b - amulet of reflection Stlth **++++++++
                     k - ring of wizardry
HPRegen 0.34/turn    S - +4 ring of slaying
MPRegen 0.22/turn

%: reflection, wizardry (x1)
@: about to teleport, wreathed by umbra, studying Ice Magic, very quick
A: very small, no large weapons, unfitting armour, see invisible, speed 3, horns
1, robust 1
a: Renounce Religion, Shadow Step, Shadow Form


You were on level 1 of the Swamp.
You worshipped Dithmenos.
Dithmenos was exalted by your worship.
You visited 5 branches of the dungeon, and saw 23 of its levels.
You also visited: Ice Cave.

You collected 2098 gold pieces.
You spent 1467 gold pieces at shops.

Inventory:

Hand Weapons
 T - a +6 rapier of speed (weapon)
 X - a +1 sling of freezing
Missiles
 x - 30 poisoned darts
 Z - 2 curare-tipped darts
Armour
 o - an orb of guile
 v - a +1 cloak of preservation
 y - a +2 buckler (worn)
 G - a +1 robe of cold resistance (worn)
 H - a +0 troll leather armour
 V - the +1 cloak of Resilience (worn) {rN+ Will+}
   (You bought it in a shop on level 2 of the Orcish Mines)

   rN+:       It protects you from negative energy.
   Will+:     It increases your willpower.
Jewellery
 b - an amulet of reflection (around neck)
 e - a ring of flight
 k - a ring of wizardry (left hand)
 p - a +5 ring of evasion
 C - a ring of protection from fire
 F - a ring of protection from cold
 O - a +6 ring of dexterity
 R - a ring of positive energy
 S - a +4 ring of slaying (right hand)
Talismans
 n - a flux talisman
Wands
 g - a wand of digging (13)
 s - a wand of mindburst (2)
 u - a wand of charming (23)
 J - a wand of flame (25)
 P - a wand of polymorph (5)
Scrolls
 a - a scroll of brand weapon
 c - 4 scrolls of fog
 d - 3 scrolls of revelation
 m - 4 scrolls of teleportation
 r - 7 scrolls of immolation
 A - 6 scrolls of identify
 B - a scroll of poison
 D - 2 scrolls of blinking
 K - a scroll of silence
 U - a scroll of torment
 Y - a scroll of amnesia
Potions
 f - 2 potions of haste
 h - a potion of brilliance
 i - 2 potions of might
 j - 13 potions of curing
 l - 2 potions of heal wounds
 q - a potion of magic {unknown}
 t - a potion of resistance {unknown}
 w - 5 potions of mutation
 z - 12 potions of enlightenment
 E - 2 potions of ambrosia {unknown}
 M - a potion of invisibility {unknown}
 N - 4 potions of lignification
 Q - a potion of berserk rage {unknown}
 W - a potion of cancellation {unknown}
Miscellaneous
 I - a lightning rod (4/4)
 L - a phial of floods


   Skills:
 + Level 9.3 Fighting
 * Level 13.1 Short Blades
 - Level 2.9 Armour
 - Level 11.5 Dodging
 + Level 17.1 Stealth
 + Level 7.2 Shields
 + Level 11.2 Spellcasting
 - Level 2.3 Conjurations
 + Level 3.4 Summonings
 - Level 4.7 Translocations
 + Level 7.0 Air Magic
 - Level 3.8 Alchemy
 + Level 7.4 Invocations
 - Level 6.7 Evocations


You had 17 spell levels left.
You knew the following spells:

 Your Spells              Type           Power      Damage    Failure   Level
a - Sting                 Conj/Alch      84%        1d8       1%          1
b - Blink                 Tloc           54%        N/A       1%          2
c - Airstrike             Air            17%        2d(3-19)  2%          4
d - Swiftness             Air            35%        N/A       1%          3
e - Summon Lightning Spi  Summ/Air       29%        N/A       4%          4
f - Silence               Hex/Air        11%        N/A       26%         5

Your spell library contained the following spells:

 Spells                   Type           Power      Damage    Failure   Level
 Apportation              Tloc           54%        N/A       1%          1
 Magic Dart               Conj           72%        1d6       1%          1
 Shock                    Conj/Air       100%       1d9       1%          1
 Summon Small Mammal      Summ           88%        N/A       1%          1
 Call Imp                 Summ           44%        N/A       1%          2
 Freeze                   Ice            40%        1d6       4%          1
 Necrotise                Necr           40%        1d6       4%          1
 Ensorcelled Hibernation  Hex/Ice        20%        N/A       6%          2
 Scorch                   Fire           20%        2d5       6%          2
 Sublimation of Blood     Necr           10%        N/A       6%          2
 Passage of Golubria      Tloc           27%        N/A       6%          4
 Hailstorm                Conj/Ice       14%        3d6       8%          3
 Frozen Ramparts          Ice            20%        1d4       12%         3
 Ozocubu's Armour         Ice            10%        N/A       12%         3
 Passwall                 Erth           10%        N/A       12%         3
 Animate Armour           Summ/Erth      32%        N/A       19%         4
 Flame Wave               Conj/Fire      14%        2d6       24%         4
 Lee's Rapid Deconstruct  Erth           5%         3d6*      69%         5
 Summon Cactus Giant      Summ           11%        N/A       78%         6
 Summon Hydra             Summ           11%        N/A       100%        7
 Lehudib's Crystal Spear  Conj/Erth      7%         10d3      100%        8
 Chain Lightning          Conj/Air       13%        3d18      100%        9
 Fire Storm               Conj/Fire      7%         8d2       100%        9
 Shatter                  Erth           5%         3d8*      100%        9


Dungeon Overview and Level Annotations

Branches:
Dungeon (14/15)            Temple (1/1) D:7            Lair (5/5) D:8
  Swamp (1/4) Lair:2       Spider (0/4) Lair:2        Slime (0/5) Lair:5
    Orc (2/2) D:10            Elf (0/3) Orc:2        Vaults (0/5) D:13
  IceCv (visited)

Altars:
Ashenzari
Cheibriados
Dithmenos
Elyvilon
Fedhas
Gozag
Hepliaklqana
Kikubaaqudgha
Makhleb
Nemelex Xobeh
Okawaru
Qazlal
Ru
Sif Muna
Trog
Uskayaw
Vehumet
Wu Jian
Xom
Yredelemnul
Zin
The Shining One
Jiyva

Shops:
D:9 *=[[*   D:11 *=   Orc:2 [!??

Annotations:
D:3 Natasha


Innate Abilities, Weirdness & Mutations

You are very small and have problems with some larger weapons.
You are too small for most types of armour.
You have supernaturally acute eyesight. (SInv)
You cover ground extremely quickly. (Speed+++)
You have a pair of small horns on your head.
You are robust. (+10% HP)


Message History

You are engulfed in spectral mist.
The alligator misses you. The alligator completely misses you.
Unknown command.
Unknown command.
You hit the goliath frog.
The goliath frog is severely wounded.
You are engulfed in spectral mist.
The thorn hunter gestures.
Thorny briars emerge from the ground!
The goliath frog is engulfed in spectral mist.
You block the goliath frog's attack.
You puncture the goliath frog!
You kill the goliath frog!
Dithmenos accepts your kill.
You are engulfed in spectral mist.
The alligator completely misses you. You block the alligator's attack.
Unknown command.
You closely miss the alligator.
The alligator is heavily wounded.
You are engulfed in spectral mist.
Your surroundings suddenly seem different.
Splash!
You fall into the shallow water.
Moving in this stuff is going to be slow.
A bog body comes into view.
Found a potion of mutation.
Found a stone staircase leading down.
Thorny briars emerge from the ground!
Unknown command.
A tyrant leech comes into view.
The thorn hunter gestures.
Thorny briars emerge from the ground!
The tyrant leech moves out of view.
As you read the scroll of teleportation, it crumbles to dust.
You feel strangely unstable. The tyrant leech barely misses you.
The thorn hunter fires a volley of thorns at you.
The volley of thorns hits you!!
* * * LOW HITPOINT WARNING * * *
You emit a cloud of dark smoke.
The bog body points at you and mumbles some strange words.
The bolt of cold hits you!! You resist.
You die...

♣♣♣ ♣P♣♣ PPP♣♣♣♣♣♣ ♣♣♣
♣..~....♣ ♣♣.♣♣
♣.♣~~♣~.♣♣ ♣.>.♣
♣♣.w§.~~..♣ ♣ ♣♣.♣♣
♣♣§@♣~~~.~~♣ ♣ ♣.♣
♣♣.§§§♣♣~~~~♣ ♣♣ ♣♣.♣
♣~§~~>~~~~~~♣ ~♣♣♣..♣
♣PPPPP♣~§~~.♣ §.♣♣..♣
♣~PPPPP..~~~~♣ ~.~~~[♣
♣♣.~♣fPPn..~..♣
♣~.~~.♣♣♣♣♣....~PP♣..~~.♣
.~.~........~~.$PP...~§.♣
..<♣..~♣♣~.§~~.♣~.♣♣~~~~♣


You could see a thorn hunter, a tyrant leech and a bog body.

Vanquished Creatures
  An azure jelly (IceCv)
  An orc warlord (Orc:2)
  2 quicksilver oozes (IceCv)
  An eleionoma (Swamp:1)
  4 centaur warriors (D:14)
  An alligator (Swamp:1)
  4 boulder beetles
  A catoblepas (Lair:5)
  2 ogre magi
  Erica (D:11)
  4 hydras
  5 death yaks
  7 two-headed ogres
  2 tengu warriors (D:13)
  13 spriggans (Lair:5)
  3 orc high priests (Orc:2)
  2 skysharks (Lair:5)
  2 fire crabs
  A skeletal warrior (D:13)
  2 goliath frogs (Swamp:1)
  2 spriggan druids (Lair:2)
  A swamp dragon (Swamp:1)
  6 orc knights
  6 ugly things
  3 orc sorcerers (Orc:2)
  3 manticores
  7 cyclopes
  5 elephants
  A kobold blastminer (Orc:2)
  3 black mambas
  A gargoyle (D:12)
  2 ice statues (IceCv)
  13 cane toads
  4 rime drakes
  An unseen horror (D:11)
  6 komodo dragons
  4 centaur skeletons (D:13)
  3 kobold demonologists
  A yaktaur (D:13)
  A tengu conjurer (D:8)
  4 burning bushes (Lair:3)
  5 trolls
  5 polar bears
  8 hornets
  7 blink frogs
  2 dream sheep (Lair:5)
  4 centaur simulacra (D:12)
  2 vampires
  5 wyverns
  2 shadows
  7 basilisks
  An unseen horror simulacrum (D:9)
  A water elemental (D:12)
  19 slime creatures
  8 wargs
  A wraith (D:9)
  43 yaks
  5 vampire mosquitoes
  An acid dragon (D:7)
  A swamp worm (Swamp:1)
  12 water moccasins
  2 meliai simulacra (D:12)
  5 great orb of eyes simulacra (IceCv)
  18 orc warriors
  A nameless horror (IceCv)
  7 ice beasts
  Pargi (D:3)
  A black bear (shapeshifter) (D:13)
  A sky beast (D:6)
  A swamp drake (Swamp:1)
  8 black bears
  3 boggarts (Lair:5)
  6 ogres
  6 centaurs
  2 phantoms (D:4)
  2 slime creature simulacra (IceCv)
  34 wolves
  3 kobold brigands
  14 bullfrogs
  9 scorpions
  A cane toad simulacrum (D:12)
  2 glowing shapeshifter simulacra (IceCv)
  A gnoll sergeant (D:10)
  4 wights
  An elephant simulacrum (D:12)
  5 killer bees
  3 electric eels
  3 jellies
  4 howler monkeys (D:7)
  2 bombardier beetles
  16 orc priests
  6 hounds
  Crazy Yiuf (D:3)
  2 iguanas
  A sleepcap (D:7)
  13 orc wizards
  2 spriggan simulacra (D:12)
  A wolf simulacrum (D:12)
  A shapeshifter simulacrum (IceCv)
  7 gnolls
  An adder (D:5)
  2 naga simulacra (D:12)
  3 white imps
  3 ufetubi
  2 dart slugs
  4 ribbon worms
  37 orcs
  9 ball pythons
  13 endoplasms
  3 giant cockroaches
  9 goblins
  5 hobgoblins
  3 jackals (D:5)
  14 kobolds
  5 quokkas
  3 bats
  3 frilled lizards
  4 rats
598 creatures vanquished.

Vanquished Creatures (collateral kills)
  A quicksilver ooze (IceCv)
  An ugly thing (D:12)
  A yaktaur (D:13)
  A polar bear (Lair:5)
  A blink frog (Lair:5)
  2 spriggans
  A water moccasin (Lair:5)
  2 orc warriors (Orc:2)
  A black bear (Lair:5)
  A wolf (Lair:1)
  2 kobold brigands (D:12)
  An orc priest (D:7)
  An orc wizard (Orc:2)
  A naga simulacrum (D:12)
  2 orcs
19 creatures vanquished.

Vanquished Creatures (others)
  A swamp worm (Swamp:1)
  A kobold brigand (D:12)
  2 orc wizards (Orc:2)
  An orc (Orc:2)
5 creatures vanquished.

Grand Total: 622 creatures vanquished

Notes
Turn   | Place    | Note
-------+----------+-------------------------------------------
     0 | D:5      | Jannitor the Spriggan Delver began the quest for the Orb.
     0 | D:5      | Reached XP level 1. HP: 11/11 MP: 2/2
     3 | D:5      | Identified the +0 pair of gloves of Youthful Indiscretion
                  | {rPois Int+2 SInv}
     7 | D:5      | Noticed a hound
    35 | D:6      | Noticed an iguana
    56 | D:5      | Noticed an iguana
   119 | D:4      | Noticed a black bear
   255 | D:3      | Found a runed translucent door.
   256 | D:3      | Noticed Crazy Yiuf
   302 | D:3      | Found a sparkling altar of Nemelex Xobeh.
   425 | D:2      | Reached XP level 2. HP: 16/16 MP: 3/3
   594 | D:1      | Reached XP level 3. HP: 19/19 MP: 4/4
  1916 | D:3      | Reached XP level 4. HP: 21/23 MP: 5/5
  1975 | D:3      | Found a broken altar of Ashenzari.
  2142 | D:3      | Noticed Natasha
  2145 | D:3      | Noticed Pargi
  2166 | D:4      | Noticed a scorpion
  2262 | D:3      | Reached skill level 8 in Stealth
  2483 | D:4      | Killed a scorpion
  2484 | D:4      | Reached XP level 5. HP: 22/28 MP: 6/6
  2689 | D:5      | Noticed a phantom
  2691 | D:5      | Noticed a black bear
  2833 | D:6      | Reached XP level 6. HP: 32/32 MP: 7/7
  3162 | D:6      | Found a basalt altar of Yredelemnul.
  3162 | D:6      | Found a shadowy altar of Dithmenos.
  3197 | D:6      | Became a worshipper of Dithmenos the Shadowed
  3217 | D:6      | Reached skill level 5 in Dodging
  3217 | D:6      | Reached skill level 9 in Stealth
  3233 | D:6      | Noticed a two-headed ogre
  3409 | D:6      | Noticed an ice beast
  3411 | D:6      | Killed an ice beast
  3531 | D:6      | Reached XP level 7. HP: 33/37 MP: 8/8
  3775 | D:6      | Reached skill level 1 in Spellcasting
  3929 | D:6      | Upgraded the game from 0.31-a0-1511-g961fd35ebc to
                  | 0.31-a0-1529-g7bd419a0e5
  4184 | D:7      | Reached skill level 5 in Short Blades
  4194 | D:7      | Reached skill level 1 in Shields
  4194 | D:7      | Reached skill level 1 in Evocations
  4306 | D:7      | Reached skill level 10 in Stealth
  4306 | D:7      | Reached XP level 8. HP: 19/42 MP: 12/12
  4395 | D:7      | Learned a level 1 spell: Sting
  4474 | D:7      | Found a staircase to the Ecumenical Temple.
  4561 | Temple   | Entered the Ecumenical Temple
  4833 | D:7      | Reached skill level 1 in Alchemy
  5992 | D:7      | Reached XP level 9. HP: 32/46 MP: 10/15
  6227 | D:6      | Killed a two-headed ogre
  6228 | D:6      | Reached skill level 5 in Fighting
  6228 | D:6      | Reached skill level 11 in Stealth
  6443 | D:4      | Reached * piety under Dithmenos
  7523 | D:3      | Killed Pargi
  7770 | D:3      | Found a sparkling altar of Nemelex Xobeh.
  7773 | D:3      | Found a broken altar of Ashenzari.
  7837 | D:3      | Killed Crazy Yiuf
  9234 | D:7      | Learned a level 2 spell: Blink
  9245 | D:8      | Noticed an elephant
  9270 | D:7      | Reached ** piety under Dithmenos
  9272 | D:7      | Reached skill level 5 in Evocations
  9483 | D:8      | Noticed an elephant
  9520 | D:7      | Reached skill level 1 in Translocations
  9626 | D:7      | Killed an elephant
  9627 | D:7      | Reached skill level 5 in Spellcasting
  9627 | D:7      | Reached XP level 10. HP: 51/51 MP: 12/18
  9745 | D:8      | Found a staircase to the Lair.
  9853 | D:8      | Killed an elephant
  9854 | D:8      | Reached skill level 1 in Conjurations
 10075 | D:9      | Found Nyah's Jewellery Emporium.
 10078 | D:9      | Noticed a cyclops
 10080 | D:9      | Bought an amulet of reflection for 450 gold pieces
 10106 | D:9      | Noticed a boulder beetle
 10160 | D:8      | Killed a boulder beetle
 10161 | D:8      | Reached skill level 12 in Stealth
 10201 | Lair:1   | Entered Level 1 of the Lair of Beasts
 10201 | Lair:1   | Noticed a cane toad
 10250 | D:8      | Killed a cane toad
 10370 | D:9      | Found Zeun's Antique Armour Shop.
 10540 | D:9      | Found a blossoming altar of Fedhas.
 10609 | D:9      | Noticed a boulder beetle
 10654 | D:9      | Killed a boulder beetle
 10948 | D:9      | Reached XP level 11. HP: 56/56 MP: 13/21
 11055 | D:9      | Found Zulut's General Store.
 11106 | D:9      | Found a stormy altar of Qazlal.
 11562 | D:8      | HP: 4/84 [battlesphere[a tengu conjurer] (10)]
 11899 | D:8      | Learned a level 4 spell: Airstrike
 11926 | D:9      | Found Kebist's General Store.
 11941 | D:9      | Bought a potion of heal wounds for 65 gold pieces
 12156 | D:9      | Found Maabil's Antique Armour Emporium.
 12319 | D:10     | Entered Level 10 of the Dungeon
 12319 | D:10     | Found a staircase to the Orcish Mines.
 12850 | Lair:1   | Reached skill level 1 in Air Magic
 13001 | Lair:1   | Reached skill level 13 in Stealth
 13259 | Lair:1   | Reached *** piety under Dithmenos
 13513 | Lair:1   | Reached skill level 1 in Invocations
 13863 | Lair:2   | Noticed a four-headed hydra
 13932 | Lair:2   | Noticed a five-headed hydra
 14102 | Lair:2   | Killed a four-headed hydra
 14176 | Lair:2   | Found a hole to the Spider Nest.
 14232 | Lair:2   | Noticed a spriggan druid
 14585 | Lair:1   | Reached skill level 10 in Dodging
 14862 | Lair:1   | Reached XP level 12. HP: 52/62 MP: 20/24
 15104 | Lair:2   | Noticed a five-headed hydra
 15137 | Lair:2   | Killed a five-headed hydra
 16199 | Lair:2   | Reached skill level 5 in Shields
 16204 | Lair:2   | Reached skill level 14 in Stealth
 16246 | Lair:2   | Found a staircase to the Swamp.
 16659 | Lair:3   | Reached **** piety under Dithmenos
 18559 | D:9      | Bought a +1 rapier of speed for 247 gold pieces
 19004 | Lair:4   | Found an ancient bone altar of Kikubaaqudgha.
 19405 | Lair:4   | Noticed a death yak
 19406 | Lair:4   | Noticed a death yak
 19406 | Lair:4   | Noticed a death yak
 19406 | Lair:4   | Noticed a death yak
 19409 | Lair:4   | Reached XP level 13. HP: 67/67 MP: 26/26
 20533 | Lair:4   | Reached skill level 1 in Armour
 20651 | Lair:5   | Entered Level 5 of the Lair of Beasts
 20954 | Lair:5   | Reached skill level 15 in Stealth
 21002 | Lair:5   | Reached skill level 10 in Short Blades
 21386 | Orc:1    | Entered Level 1 of the Orcish Mines
 21609 | Orc:2    | Entered Level 2 of the Orcish Mines
 21635 | Orc:2    | Found a staircase to the Elven Halls.
 22190 | D:10     | Found an iron altar of Okawaru.
 22409 | Orc:1    | Reached skill level 5 in Invocations
 22810 | Orc:2    | Reached ***** piety under Dithmenos
 22831 | Orc:2    | Noticed an orc warlord
 22983 | Orc:2    | Killed an orc warlord
 22994 | Orc:2    | Reached skill level 5 in Air Magic
 23214 | Orc:2    | Upgraded the game from 0.31-a0-1529-g7bd419a0e5 to
                  | 0.31-a0-1537-g69dc257577
 24519 | Orc:1    | Noticed an orc warlord
 25664 | Orc:2    | Reached XP level 14. HP: 44/73 MP: 25/28
 25791 | Orc:2    | Upgraded the game from 0.31-a0-1537-g69dc257577 to
                  | 0.31-a0-1547-g618ab1f346
 25883 | Orc:2    | Found Caoteza's Magic Scroll Boutique.
 25883 | Orc:2    | Found Teytt's Antique Armour Shoppe.
 25902 | Orc:2    | Found Heduk's Magic Scroll Boutique.
 25902 | Orc:2    | Found Qadd's Distillery.
 25908 | Orc:2    | Bought 2 scrolls of enchant weapon for 225 gold pieces
 25908 | Orc:2    | Bought a scroll of blinking for 112 gold pieces
 25913 | Orc:2    | Bought a slimy cloak for 256 gold pieces
 25913 | Orc:2    | Identified the +1 cloak of Resilience {rN+ Will+} (You
                  | bought it in a shop on level 2 of the Orcish Mines)
 25925 | Orc:2    | Bought a potion of curing for 42 gold pieces
 25925 | Orc:2    | Bought a potion of enlightenment for 70 gold pieces
 26152 | D:11     | Learned a level 3 spell: Swiftness
 26157 | D:11     | Learned a level 4 spell: Summon Lightning Spire
 26163 | D:11     | Learned a level 5 spell: Silence
 26392 | D:11     | Found Heggior's Elemental Accessories.
 26428 | D:11     | Reached skill level 10 in Spellcasting
 26431 | D:11     | Noticed Erica
 26432 | D:11     | Identified the +4 dagger of the Rattlesnake {pain, rC- rN+
                  | Will++ Int+3}
 26438 | D:11     | Killed Erica
 26648 | D:11     | Found Usidderoan's Jewellery Shop.
 26896 | D:12     | Found a frozen archway.
 26969 | IceCv    | Entered an ice cave
 26981 | IceCv    | Reached ****** piety under Dithmenos
 27183 | IceCv    | Noticed a quicksilver ooze
 27208 | IceCv    | Killed a quicksilver ooze
 27359 | IceCv    | Reached skill level 16 in Stealth
 28118 | IceCv    | Reached skill level 1 in Summonings
 28251 | IceCv    | Noticed a quicksilver ooze
 28253 | IceCv    | Killed a quicksilver ooze
 28277 | IceCv    | Found a viscous altar of Jiyva.
 28277 | IceCv    | Noticed an azure jelly
 28281 | IceCv    | Noticed a quicksilver ooze
 28282 | IceCv    | Killed an azure jelly
 28284 | IceCv    | Killed a quicksilver ooze
 28293 | IceCv    | Got the Parchment of Congelation
 28337 | IceCv    | Gained mutation: You have a pair of small horns on your
                  | head. [potion of mutation]
 28337 | IceCv    | Gained mutation: Your body sometimes deteriorates upon
                  | taking damage. [potion of mutation]
 28337 | IceCv    | Lost mutation: Your body sometimes deteriorates upon taking
                  | damage. [potion of mutation]
 28337 | IceCv    | Gained mutation: You are robust. (+10% HP) [potion of
                  | mutation]
 30560 | D:13     | Found a gate to the Vaults.
 30710 | D:13     | Identified the +0 robe of Uskayaw's Anger {Rampage rF++
                  | Str-4 Dex+4}
 30961 | D:14     | Reached XP level 15. HP: 85/85 MP: 30/30
 31316 | D:14     | Found a shadowy altar of Dithmenos.
 32079 | Lair:5   | Found a staircase to the Slime Pits.
 32079 | Lair:5   | Found a viscous altar of Jiyva.
 32732 | Lair:5   | Reached skill level 17 in Stealth
 33358 | Lair:5   | Paralysed by a hornet for 1 turns
 33744 | Swamp:1  | Entered Level 1 of the Swamp
 33906 | Swamp:1  | Noticed a thorn hunter
 33918 | Swamp:1  | Killed from afar by a bog body

Illustrated notes

Levels and vault maps discovered:
D:1:      kilobyte_arrival_exit_the_forest, layout_rooms
D:2:      layout_loops_ring, kennysheep_generic_room_12
D:3:      layout_loops_ring, mainiacjoe_overflow_big_doors, uniq_pargi,
          uniq_natasha, uniq_crazy_yiuf_cottage
D:4:      layout_basic, kennysheep_generic_room_3
D:5:      layout_cave_pools
D:6:      layout_gridville, nicolae_overflow_two_pavilions
D:7:      layout_basic, minmay_temple_entry_grid, minmay_small_thing
D:8:      layout_cave_pools, grunt_lair_entry_orc_guard_hut
D:9:      minmay_cut_squares, layout_gridville,
          nicolae_qazlal_general_emergency, mainiacjoe_overflow_alcove_4,
          serial_shops, shop, shop, shop, nicolae_shop_pleasant_corner_grove,
          nicolae_shop_peninsula
D:10:     layout_small_grid, mainiacjoe_overflow_catwalk, orc_0_dummy
D:11:     layout_cave_pools, minmay_shop_enchanted_jewellery,
          nicolae_elemental_shop, uniq_erica
D:12:     layout_stronghold, serial_ice, serial_ice_k, serial_ice_f,
          serial_ice_h, serial_ice_a, serial_ice_d, serial_ice_g, serial_ice_m,
          serial_ice_b, portal_ice_cave_entry_ice_simulacra
D:13:     layout_basic, hangedman_vaults_entry_quadrant_bands
D:14:     layout_roguey, nicolae_dithmenos_through_a_glass_darkly
Temple:   nicolae_temple_bog_church
Lair:1:   beast_lair_carwin_large_2, layout_chaotic_city
Lair:2:   layout_roguey, mainiacjoe_swamp_entry_angry_trees,
          nicolae_spider_entry_non_spiders
Lair:3:   layout_long_grid, evilmike_ambush [evilmike_ambush_outer_corners,
          evilmike_ambush_inner_basic], serial_bayou_shore_a, grunt_megastairs_4
Lair:4:   layout_roguey, basic_altar, lemuel_fruit_tree
Lair:5:   minmay_lair_end_enchanted_forest, layout_loops_ring, slime_entry_1
Swamp:1:  layout_falls_marsh, evilmike_swamp_ruin_house_6
Orc:1:    layout_caves, serial_shops, shop,
          regret_index_minedec_shroomtown_chain
Orc:2:    grunt_orc_tribal_feast, layout_caves

Skill      XL: |  1  2  3  4  5  6  7  8  9 10 11 12 13 14 15 |
---------------+----------------------------------------------+-----
Dodging        | 3 4 5 6 7 8 9 10 11 | 11.5
Short Blades   | 3 4 5 6 7 8 9 10 12 13 | 13.1
Stealth        | 8 9 10 11 12 13 14 15 16 17 | 17.1
Fighting       | 3 4 5 6 7 8 9 |  9.3
Spellcasting   | 2 3 5 6 7 8 9 10 11 | 11.2
Shields        | 1 2 3 4 5 6 7 |  7.2
Evocations     | 1 3 5 6 |  6.7
Alchemy        | 2 3 |  3.8
Translocations | 1 4 |  4.7
Conjurations   | 2 |  2.3
Air Magic      | 2 4 5 6 7 |  7.0
Invocations    | 2 4 5 6 7 |  7.4
Armour         | 2 |  2.9
Summonings     | 2 3 |  3.4

Action                     |  1- 3 |  4- 6 |  7- 9 | 10-12 | 13-15 || total
---------------------------+-------+-------+-------+-------+-------++-------
  Melee: Short sword       |    19 |       |       |       |       ||    19
         Dagger            |    91 |    94 |   269 |   665 |       ||  1119
         Punch             |     2 |     2 |       |       |       ||     4
         Rapier            |       |       |       |    38 |  1082 ||  1120
         Headbutt          |       |       |       |       |   142 ||   142
  Throw: Dart              |       |     6 |       |       |       ||     6
   Cast: Sting             |       |       |   162 |   523 |   414 ||  1099
         Blink             |       |       |     1 |       |       ||     1
         Summon Lightning  |       |       |       |       |    26 ||    26
         Airstrike         |       |       |       |       |     6 ||     6
 Invoke: Shadow Step       |       |       |       |       |     3 ||     3
  Evoke: Wand              |       |     3 |    20 |    23 |    12 ||    58
         Lightning rod     |       |       |       |     9 |     3 ||    12
         Phial of floods   |       |       |       |     1 |     2 ||     3
    Use: Scroll            |     3 |       |     5 |     8 |    10 ||    26
         Potion            |       |       |     2 |     1 |     9 ||    12
   Stab: Sleeping          |    19 |     6 |    10 |    23 |    67 ||   125
         Invisible         |       |       |     1 |       |       ||     1
         Petrified         |       |       |       |     1 |     1 ||     2
         Distracted        |       |       |       |     1 |    12 ||    13
 Armour: Robe              |    23 |    26 |   106 |   130 |   199 ||   484
         Skin              |       |       |     3 |     2 |       ||     5
  Dodge: Dodged            |    66 |    79 |   262 |   424 |   553 ||  1384
  Block: Buckler           |       |       |    66 |   283 |   375 ||   724
         Reflection        |       |       |       |     7 |    29 ||    36
         Other             |       |       |       |       |     2 ||     2

Table legend: (Time is in decaauts)
 A = Elapsed time spent in this place.
 B = Non-inter-level travel time spent in this place.
 C = Inter-level travel time spent in this place.
 D = Time resting spent in this place.
 E = Time spent auto-exploring this place.
 F = Levels seen in this place.
 G = Mean time per level.
                   A        B        C        D        E       F      G
               +--------+--------+--------+--------+--------+-----+--------+
         Total |  25453 |  24162 |   1291 |   6312 |  10681 |  24 | 1060.5 |
       Dungeon |  12757 |  11908 |    849 |   2607 |   6060 |  14 |  911.2 |
        Temple |    336 |    336 |      0 |    319 |      0 |   1 |  336.0 |
          Lair |   8011 |   7639 |    372 |   1965 |   3185 |   5 | 1602.2 |
         Swamp |    117 |    117 |      0 |      0 |     77 |   1 |  117.0 |
  Orcish Mines |   3067 |   2999 |     68 |    774 |   1250 |   2 | 1533.5 |
      Ice Cave |   1163 |   1163 |      0 |    646 |    107 |   1 | 1163.0 |
               +--------+--------+--------+--------+--------+-----+--------+

Top non-repeatable levels by time:
   Orc:2: 2399 daAuts
  Lair:3: 2188 daAuts
     D:7: 1797 daAuts
  Lair:4: 1741 daAuts
  Lair:1: 1508 daAuts
     D:9: 1469 daAuts
  Lair:2: 1374 daAuts
     D:8: 1247 daAuts
  Lair:5: 1198 daAuts
   IceCv: 1163 daAuts
     D:4: 1154 daAuts
     D:3: 1093 daAuts
    D:12: 1091 daAuts
     D:6: 1063 daAuts
    D:13: 819 daAuts
